 Dungeon Crawl Stone Soup version 0.27.0-1-g7a089689b8 (webtiles) character file.

Game seed: 12113593382079628388

918 Crownlay the Covert (level 8, -1/44 HPs)
             Began as a Kobold Hunter on Aug 12, 2021.
             Was an Initiate of Okawaru.
             Succumbed to a kobold brigand's curare-tipped dart
             ... on level 5 of the Dungeon.
             The game lasted 00:14:40 (7493 turns).

Crownlay the Covert (Kobold Hunter)                 Turns: 7493, Time: 00:14:41

Health: -1/44      AC:  4    Str:  9    XL:     8   Next: 31%
Magic:  1/8        EV: 14    Int: 13    God:    Okawaru [......]
Gold:   326        SH:  0    Dex: 17    Spells: 7/7 levels left

rFire    + + .     SeeInvis .   C - +1 short sword
rCold    + . .     Faith    .   (shield restricted)
rNeg     . . .     Spirit   +   c - +0 leather armour
rPois    +         Reflect  .   s - +0 helmet
rElec    +         Harm     .   (no cloak)
rCorr    +         Rampage  .   (no gloves)
Will     .....                  (no boots)
Stlth    +++++.....             k - amulet of guardian spirit
HPRegen  0.14/turn              m - ring of protection from fire
MPRegen  0.11/turn              (no ring)

@: lethally poisoned (-1 -> -10), resistant, slowed, very slow
A: small, no large weapons, nightstalker 3
a: Renounce Religion


You were on level 5 of the Dungeon.
You worshipped Okawaru.
Okawaru was noncommittal.
You visited 2 branches of the dungeon, and saw 7 of its levels.

You collected 326 gold pieces.

Inventory:

Hand Weapons
 a - a +1 hand crossbow
 C - a +1 short sword (weapon)
Missiles
 d - 13 bolts
 e - 13 poisoned darts (quivered)
Armour
 c - a +0 leather armour (worn)
 s - a +0 helmet (worn)
Jewellery
 k - an amulet of guardian spirit (around neck)
 m - a ring of protection from fire (left hand)
 q - a ring of wizardry
 w - a ring of willpower
Wands
 y - a wand of iceblast (7)
 z - a wand of charming (4)
 A - a wand of digging (4)
Scrolls
 b - a scroll of brand weapon {unknown}
 i - 2 scrolls of teleportation
 l - 3 scrolls of blinking {unknown}
 p - a scroll of holy word {unknown}
 r - a scroll of acquirement {unknown}
 t - a scroll of amnesia
 u - a scroll of enchant armour {unknown}
 v - a scroll of fog
 B - a scroll of magic mapping {unknown}
Potions
 f - a potion of resistance
 g - a potion of cancellation {unknown}
 h - a potion of berserk rage {unknown}
 n - a potion of curing {unknown}
 o - a potion of heal wounds {unknown}
 x - a potion of degeneration {unknown}


   Skills:
 - Level 2.1 Fighting
 * Level 8.7 Crossbows
 - Level 2.4 Dodging
 - Level 9.5 Stealth


You had 7 spell levels left.
You didn't know any spells.
Your spell library contained the following spells:

 Spells                   Type           Power      Damage    Failure   Level
 Corona                   Hex            0%         N/A       41%         1
 Freeze                   Ice            0%         1d3       41%         1
 Shock                    Conj/Air       0%         1d3       41%         1
 Sublimation of Blood     Necr           0%         N/A       54%         2
 Wereblood                Tmut           0%         N/A       54%         2
 Ozocubu's Armour         Ice            0%         N/A       78%         3
 Ozocubu's Refrigeration  Ice            0%         4d5       100%        7
 Summon Hydra             Summ           0%         N/A       100%        7


Dungeon Overview and Level Annotations

Branches:
Dungeon (6/15)             Temple (1/1) D:4

Altars:
Ashenzari
Cheibriados
Dithmenos
Elyvilon
Fedhas
Gozag
Hepliaklqana
Nemelex Xobeh
Okawaru
Qazlal
Ru
Trog
Vehumet
Xom
Yredelemnul
Zin


Innate Abilities, Weirdness & Mutations

You are small and have problems with some larger weapons.
You are completely attuned to the shadows.


Message History

The kobold brigand hits you with a +0 club.
You hit the kobold brigand.
The kobold brigand is heavily wounded.
The kobold brigand hits you with a +0 club.
You hit the kobold brigand but do no damage.
The kobold brigand is heavily wounded.
The kobold brigand hits you with a +0 club.
You barely miss the kobold brigand.
The kobold brigand is heavily wounded.
The kobold brigand closely misses you.
You hit the kobold brigand.
The kobold brigand is heavily wounded.
The kobold brigand hits you with a +0 club.
* * * LOW HITPOINT WARNING * * *
As you read the scroll of fear, it crumbles to dust.
You assume a fearsome visage.
The kobold brigand resists with some effort.
The kobold looks frightened!
The kobold brigand hits you with a +0 club.
* * * LOW HITPOINT WARNING * * *
You closely miss the kobold brigand.
The kobold brigand is heavily wounded.
The kobold brigand closely misses you.
You barely miss the kobold brigand.
The kobold brigand is heavily wounded.
The kobold brigand hits you with a +0 club!
* * * LOW HITPOINT WARNING * * *
The kobold brigand barely misses you.
The kobold brigand throws a curare-tipped dart.
The curare-tipped dart closely misses you.
The kobold brigand throws a curare-tipped dart.
The curare-tipped dart hits you.
You are lethally poisoned!
You have difficulty breathing.
* * * LOW HITPOINT WARNING * * *
You feel yourself slow down.
There is a stone staircase leading up here.
It was a potion of resistance.
You feel protected.
You die...

# #...#...........#### #.......
###..###...........#.### ##.§§§..
.#...#...##......>.....# ##§§...
.#)..#...##..#.........#####§§§..
.........##..##........#§§Z§§§§..
.........###.##....K...#..§§##§..
..##...#..##.#....###.....#§§§..#
.###...##>..................§#.##
.##.............@............###
..#.###...#...............####
..#.####.###.....#.......##
......##.#####......#..###
.....)...##.###.K.#)#.##
..........#.....#.#.#..#
.....)......#.##.......#
...#......#.#####...##.#
...#......### #.......#


You could see a kobold brigand.

Vanquished Creatures
  Grinder (D:3)
  An ogre (D:6)
  A phantom (D:5)
  2 water moccasin skeletons (D:5)
  3 wights
  A crimson imp (D:4)
  A hound (D:6)
  An iguana (D:4)
  2 orc wizards (D:5)
  A hound skeleton (D:4)
  Robin (D:3)
  5 adders
  A shadow imp (D:5)
  A white imp (D:4)
  2 worms
  3 dart slugs
  13 orcs
  8 endoplasms
  3 giant cockroaches
  12 goblins
  15 hobgoblins
  4 jackals
  6 quokkas
  8 ball pythons
  4 bats
  4 frilled lizards
  4 kobolds
  6 rats
114 creatures vanquished.

Vanquished Creatures (others)
  A plant (D:2)
1 creature vanquished.

Grand Total: 115 creatures vanquished

Notes
Turn   | Place    | Note
-------+----------+-------------------------------------------
     0 | D:1      | Crownlay the Kobold Hunter began the quest for the Orb.
     0 | D:1      | Reached XP level 1. HP: 12/12 MP: 1/1
    51 | D:1      | Reached skill level 2 in Stealth
    69 | D:1      | Reached XP level 2. HP: 16/17 MP: 2/2
   145 | D:1      | Reached skill level 3 in Stealth
   514 | D:1      | Reached XP level 3. HP: 18/21 MP: 3/3
   611 | D:1      | Reached skill level 4 in Stealth
   855 | D:1      | Found a faded altar of an unknown god.
  1001 | D:1      | Got Magic, Part One
  1264 | D:1      | Reached skill level 5 in Stealth
  1373 | D:2      | Reached XP level 4. HP: 11/26 MP: 4/4
  1604 | D:2      | Found a shimmering altar of Xom.
  2251 | D:2      | Reached skill level 6 in Stealth
  2395 | D:3      | Reached XP level 5. HP: 21/30 MP: 3/5
  2530 | D:3      | Noticed Grinder
  2981 | D:3      | Noticed Robin
  3009 | D:2      | HP: 1/30 [goblin[Robin] (1)]
  3053 | D:2      | HP: 1/30 [hobgoblin[Robin] (2)]
  3725 | D:3      | Killed Robin
  3726 | D:3      | Reached skill level 7 in Stealth
  4165 | D:3      | Killed Grinder
  4166 | D:3      | Reached skill level 9 in Stealth
  4166 | D:3      | Reached XP level 6. HP: 24/35 MP: 4/6
  4655 | D:4      | Reached XP level 7. HP: 40/40 MP: 7/7
  4662 | D:4      | Found a staircase to the Ecumenical Temple.
  4668 | Temple   | Entered the Ecumenical Temple
  4751 | Temple   | Became a worshipper of Warmaster Okawaru
  4944 | D:4      | Reached skill level 5 in Crossbows
  5478 | D:5      | Entered Level 5 of the Dungeon
  6618 | D:5      | Identified the +2 leather armour of Ocso {rN+ Str-4 Int+5}
  6680 | D:5      | Reached XP level 8. HP: 33/44 MP: 6/8
  7492 | D:5      | HP: 1/44 [asphyx]
  7493 | D:5      | Succumbed to a kobold brigand's curare-tipped dart

Illustrated notes

Levels and vault maps discovered:
D:1:      mrwooster_arrival_statue_2, layout_loops_ring,
          shapermc_ecumenical_altar_starsandcircs
D:2:      layout_rooms, basic_altar, serial_bayou_pond_b
D:3:      layout_rooms, mrwooster_statue_mirror, uniq_grinder, uniq_robin
D:4:      layout_loops_ring, minmay_temple_entry_mini_moons,
          minmay_fire_ice_demons
D:5:      layout_cave_pools
D:6:      layout_rooms, mainiacjoe_overflow_alcove_1,
          gammafunk_ghost_nasty_kobolds, serial_shops, nicolae_shop_waterfront
Temple:   compressed_dpeg_circular_temple

Skill      XL: |  1  2  3  4  5  6  7  8 |
---------------+-------------------------+-----
Stealth        | 2 3 5 6 9 |  9.5
Crossbows      | 7 8 |  8.7
Fighting       | |  2.1
Dodging        | |  2.4

Action                   |  1- 3 |  4- 6 |  7- 9 || total
-------------------------+-------+-------+-------++-------
Melee: Short sword       |   100 |   228 |    22 ||   350
       Hand crossbow     |       |       |     2 ||     2
 Fire: Hand crossbow     |    20 |    32 |   132 ||   184
Throw: Dart              |     7 |       |       ||     7
  Use: Scroll            |       |       |     7 ||     7
       Potion            |       |       |     1 ||     1
 Stab: Sleeping          |    12 |     9 |       ||    21
Armor: Leather armour    |    19 |    57 |    20 ||    96
Dodge: Dodged            |    78 |   193 |    64 ||   335
